TOP OF THE 1ST |
Batavia Muckdogs batting - Pitching for Milwaukee (NYP) Brewers : RHP Jeff Swomley
|
Pitching: RHP Jeff Swomley
|
|
Batting: SHB Justin Corbett
|
0-0: Called Strike 0-1: Called Strike 0-2: Ball 1-2: Ball 2-2: SINGLE (Line Drive, 6M, EV 96.9 MPH)
|
Batting: RHB Andy Kelly
|
0-0: Ball 1-0: Ball 2-0: Swinging Strike 2-1: Swinging Strike 2-2: Strikes out swinging
|
Batting: SHB Greg Rivera
|
0-0: SINGLE (Groundball, 4D, EV 98.1 MPH) Justin Corbett to second Justin Corbett to third
|
Batting: RHB Jim Fisher
|
0-0: Grounds into double play, 5-4-3 (Groundball, 5L, EV 103.1 MPH)
|
Top of the 1st over - 0 runs, 2 hits, 0 errors, 1 left on base; Batavia 0 - Milwaukee (NYP) 0 |
BOTTOM OF THE 1ST |
Milwaukee (NYP) Brewers batting - Pitching for Batavia Muckdogs : RHP Mike Shields
|
Pitching: RHP Mike Shields
|
|
Batting: LHB Jason Raker
|
0-0: Ball 1-0: Ball 2-0: Called Strike 2-1: Foul Ball, location: 2F 2-2: SINGLE (Line Drive, 89S, EV 103.1 MPH)
|
Batting: LHB Karel Hort
|
0-0: Called Strike 0-1: Called Strike 0-2: Foul Ball, location: 2F 0-2: Foul Ball, location: 2F 0-2: Ball 1-2: Foul Ball, location: 2F 1-2: Foul Ball, location: 2F 1-2: Foul Ball, location: 2F 1-2: Foul Ball, location: 2F 1-2: Foul Ball, location: 2F 1-2: Ball 2-2: Ball 3-2: SINGLE (Line Drive, 7S, EV 105.6 MPH) Jason Raker to second
|
Batting: RHB Ryan Miller
|
0-0: Fly out, F6 (Popup, 6M, EV 70.0 MPH)
|
Batting: SHB Jerry Duffy
|
0-0: Ball Jason Raker is caught stealing 3rd base 2-5 1-0: Swinging Strike 1-1: Ball Karel Hort steals 2nd base 2-1: Ball 3-1: Foul Ball, location: 2F 3-2: DOUBLE (Line Drive, 89D, EV 101.9 MPH) Karel Hort scores
|
Batting: LHB Paul Collins
|
0-0: Called Strike 0-1: Ball 1-1: Ball 2-1: Foul Ball, location: 2F 2-2: Foul Ball, location: 2F 2-2: Strikes out swinging
|
Bottom of the 1st over - 1 run, 3 hits, 0 errors, 1 left on base; Batavia 0 - Milwaukee (NYP) 1 |
TOP OF THE 2ND |
Batavia Muckdogs batting - Pitching for Milwaukee (NYP) Brewers : RHP Jeff Swomley
|
Batting: LHB Danny Treto
|
0-0: Ball 1-0: Ball 2-0: Foul Ball, location: 2F 2-1: Foul Ball, location: 2F 2-2: Foul Ball, location: 2F 2-2: Fly out, F9 (Line Drive, 9, EV 104.4 MPH)
|
Batting: RHB Jason Thrash
|
0-0: Called Strike 0-1: Ground out 5-3 (Groundball, 56S, EV 78.8 MPH)
|
Batting: RHB Hiromitsu Yamada
|
0-0: Called Strike 0-1: Ball 1-1: Foul Ball, location: 2F 1-2: Ball 2-2: Ball 3-2: Foul Ball, location: 2F 3-2: Foul Ball, location: 2F 3-2: TRIPLE (Flyball, 78XD, EV 105.6 MPH)
|
Batting: RHB Jeremy Dennis
|
0-0: Ball 1-0: Ball 2-0: Foul Ball, location: 2F 2-1: Ball 3-1: Foul Ball, location: 2F 3-2: Foul Ball, location: 2F 3-2: Strikes out looking
|
Top of the 2nd over - 0 runs, 1 hit, 0 errors, 1 left on base; Batavia 0 - Milwaukee (NYP) 1 |
BOTTOM OF THE 2ND |
Milwaukee (NYP) Brewers batting - Pitching for Batavia Muckdogs : RHP Mike Shields
|
Batting: RHB Dan Allred
|
0-0: Ball 1-0: DOUBLE (Line Drive, 7LD, EV 107.5 MPH)
|
Batting: RHB Wiliama Dana
|
0-0: Ball 1-0: Fly out, F8 (Flyball, 8LD, EV 101.2 MPH)
|
Batting: RHB Juan Villanueva
|
0-0: Ball 1-0: Ball 2-0: Fly out, F3 (Popup, 3SF, EV 63.1 MPH)
|
Batting: RHB Chris Riddel
|
0-0: Ball 1-0: Ball 2-0: Foul Ball, location: 2F 2-1: Ground out 5-3 (Groundball, 5S, EV 81.2 MPH)
|
Bottom of the 2nd over - 0 runs, 1 hit, 0 errors, 1 left on base; Batavia 0 - Milwaukee (NYP) 1 |
TOP OF THE 3RD |
Batavia Muckdogs batting - Pitching for Milwaukee (NYP) Brewers : RHP Jeff Swomley
|
Batting: RHB Calvin Morin
|
0-0: Ball 1-0: Foul Ball, location: 2F 1-1: Ball 2-1: Ball 3-1: SINGLE (Groundball, 56D, EV 110.0 MPH)
|
Batting: SHB Justin Corbett
|
0-0: Foul Ball, location: 2F 0-1: Foul Ball, location: 2F 0-2: Ball 1-2: Strikes out looking
|
Batting: RHB Andy Kelly
|
0-0: Ball Calvin Morin steals 2nd base 1-0: Called Strike 1-1: Ball 2-1: Ball 3-1: Called Strike 3-2: Foul Ball, location: 2F 3-2: Foul Ball, location: 2F 3-2: Base on Balls
|
Batting: SHB Greg Rivera
|
0-0: Foul Ball, location: 2F 0-1: Ball Passed Ball! Calvin Morin to third Andy Kelly to second 1-1: Foul Ball, location: 2F 1-2: Strikes out swinging
|
Batting: RHB Jim Fisher
|
0-0: Ball 1-0: Ground out 4-3 (Groundball, 4, EV 83.8 MPH)
|
Top of the 3rd over - 0 runs, 1 hit, 0 errors, 2 left on base; Batavia 0 - Milwaukee (NYP) 1 |
BOTTOM OF THE 3RD |
Milwaukee (NYP) Brewers batting - Pitching for Batavia Muckdogs : RHP Mike Shields
|
Batting: LHB Jason Raker
|
0-0: Swinging Strike 0-1: Foul Ball, location: 2F 0-2: Foul Ball, location: 2F 0-2: Ground out 4-3 (Groundball, 4, EV 103.1 MPH)
|
Batting: LHB Karel Hort
|
0-0: Called Strike 0-1: Swinging Strike 0-2: Ball 1-2: Ball 2-2: Ball 3-2: Foul Ball, location: 2F 3-2: Fly out, F8 (Line Drive, 8RM, EV 93.8 MPH)
|
Batting: RHB Ryan Miller
|
0-0: Ball 1-0: Foul Ball, location: 2F 1-1: Ground out 4-3 (Groundball, 34D, EV 78.8 MPH)
|
Bottom of the 3rd over - 0 runs, 0 hits, 0 errors, 0 left on base; Batavia 0 - Milwaukee (NYP) 1 |
TOP OF THE 4TH |
Batavia Muckdogs batting - Pitching for Milwaukee (NYP) Brewers : RHP Jeff Swomley
|
Batting: LHB Danny Treto
|
0-0: Called Strike 0-1: Swinging Strike 0-2: Strikes out swinging
|
Batting: RHB Jason Thrash
|
0-0: Ball 1-0: Called Strike 1-1: Ball 2-1: Swinging Strike 2-2: Strikes out swinging
|
Batting: RHB Hiromitsu Yamada
|
0-0: Foul Ball, location: 2F 0-1: Swinging Strike 0-2: Ball 1-2: Strikes out swinging
|
Top of the 4th over - 0 runs, 0 hits, 0 errors, 0 left on base; Batavia 0 - Milwaukee (NYP) 1 |
BOTTOM OF THE 4TH |
Milwaukee (NYP) Brewers batting - Pitching for Batavia Muckdogs : RHP Mike Shields
|
Batting: SHB Jerry Duffy
|
0-0: SINGLE (Line Drive, 34D, EV 96.2 MPH)
|
Batting: LHB Paul Collins
|
0-0: Fly out, F7 (Flyball, 7LS, EV 70.0 MPH)
|
Batting: RHB Dan Allred
|
0-0: Ball 1-0: Called Strike 1-1: Grounds into double play, 4-6-3 (Groundball, 34S, EV 85.6 MPH)
|
Bottom of the 4th over - 0 runs, 1 hit, 0 errors, 0 left on base; Batavia 0 - Milwaukee (NYP) 1 |
TOP OF THE 5TH |
Batavia Muckdogs batting - Pitching for Milwaukee (NYP) Brewers : RHP Jeff Swomley
|
Batting: RHB Jeremy Dennis
|
0-0: Called Strike 0-1: Ball 1-1: Ball 2-1: Ball 3-1: Called Strike 3-2: Base on Balls
|
Batting: RHB Calvin Morin
|
0-0: Ball Jeremy Dennis steals 2nd base 1-0: Called Strike 1-1: Reached on error, E5 (Groundball, 25, EV 83.1 MPH) Jeremy Dennis to third
|
Batting: SHB Justin Corbett
|
0-0: Called Strike 0-1: Ball Calvin Morin is caught stealing 2nd base 2-6 1-1: Foul Ball, location: 2F 1-2: Foul Ball, location: 2F 1-2: SINGLE (Groundball, 4MD, EV 95.0 MPH) Jeremy Dennis scores
|
Batting: RHB Andy Kelly
|
0-0: Called Strike 0-1: Ball Justin Corbett steals 2nd base 1-1: Ball 2-1: Called Strike 2-2: Ball 3-2: Foul Ball, location: 2F 3-2: Strikes out swinging
|
Batting: SHB Greg Rivera
|
0-0: Called Strike 0-1: Ball 1-1: Ball 2-1: Ball 3-1: Foul Ball, location: 2F 3-2: Strikes out looking
|
Top of the 5th over - 1 run, 1 hit, 1 error, 1 left on base; Batavia 1 - Milwaukee (NYP) 1 |
BOTTOM OF THE 5TH |
Milwaukee (NYP) Brewers batting - Pitching for Batavia Muckdogs : RHP Mike Shields
|
Batting: RHB Wiliama Dana
|
0-0: Ball 1-0: Called Strike 1-1: Foul Ball, location: 2F 1-2: Ball 2-2: Foul Ball, location: 2F 2-2: Fly out, F8 (Flyball, 8RD, EV 85.0 MPH)
|
Batting: RHB Juan Villanueva
|
0-0: Swinging Strike 0-1: Swinging Strike 0-2: Fly out, F6 (Popup, 6M, EV 55.6 MPH)
|
Batting: RHB Chris Riddel
|
0-0: Ball 1-0: SINGLE (Line Drive, 4D, EV 95.0 MPH)
|
Batting: LHB Jason Raker
|
0-0: Ball 1-0: Ball 2-0: Called Strike 2-1: Called Strike 2-2: Strikes out swinging
|
Bottom of the 5th over - 0 runs, 1 hit, 0 errors, 1 left on base; Batavia 1 - Milwaukee (NYP) 1 |
TOP OF THE 6TH |
Batavia Muckdogs batting - Pitching for Milwaukee (NYP) Brewers : RHP Jeff Swomley
|
Pitching: RHP Dan Patino
|
|
Batting: RHB Jim Fisher
|
0-0: Foul Ball, location: 2F 0-1: Ball 1-1: Called Strike 1-2: Ball 2-2: Strikes out looking
|
Batting: LHB Danny Treto
|
0-0: Called Strike 0-1: Swinging Strike 0-2: Ball 1-2: Ball 2-2: Strikes out swinging
|
Batting: RHB Jason Thrash
|
0-0: Ball 1-0: Ball 2-0: Ball 3-0: Called Strike 3-1: Base on Balls
|
Batting: RHB Hiromitsu Yamada
|
0-0: Called Strike 0-1: Ball 1-1: Ball 2-1: Called Strike 2-2: Ball 3-2: Base on Balls Jason Thrash to second
|
Batting: RHB Jeremy Dennis
|
0-0: Fielders Choice at 2nd, 6-4 (Groundball, 6, EV 101.2 MPH)
|
Top of the 6th over - 0 runs, 0 hits, 0 errors, 2 left on base; Batavia 1 - Milwaukee (NYP) 1 |
BOTTOM OF THE 6TH |
Milwaukee (NYP) Brewers batting - Pitching for Batavia Muckdogs : RHP Mike Shields
|
Batting: LHB Karel Hort
|
0-0: Called Strike 0-1: Ball 1-1: Swinging Strike 1-2: Strikes out looking
|
Batting: RHB Ryan Miller
|
0-0: Ball 1-0: Called Strike 1-1: Foul Ball, location: 2F 1-2: Fly out, F9 (Flyball, 9, EV 88.1 MPH)
|
Batting: SHB Jerry Duffy
|
0-0: Ball 1-0: Called Strike 1-1: SINGLE (Line Drive, 7LS, EV 91.9 MPH)
|
Batting: LHB Paul Collins
|
0-0: Ball 1-0: Ball 2-0: Foul Ball, location: 2F 2-1: Foul Ball, location: 2F 2-2: Strikes out looking
|
Bottom of the 6th over - 0 runs, 1 hit, 0 errors, 1 left on base; Batavia 1 - Milwaukee (NYP) 1 |
TOP OF THE 7TH |
Batavia Muckdogs batting - Pitching for Milwaukee (NYP) Brewers : RHP Dan Patino
|
Batting: RHB Calvin Morin
|
0-0: Called Strike 0-1: Swinging Strike 0-2: Ball 1-2: Strikes out swinging
|
Batting: SHB Justin Corbett
|
0-0: Ball 1-0: Ball 2-0: Foul Ball, location: 2F 2-1: Ground out 4-3 (Groundball, 4, EV 82.5 MPH)
|
Batting: RHB Andy Kelly
|
0-0: Called Strike 0-1: Ball 1-1: Called Strike 1-2: Foul Ball, location: 2F 1-2: Ball 2-2: Ground out 1-3 (Groundball, 15S, EV 68.1 MPH)
|
Top of the 7th over - 0 runs, 0 hits, 0 errors, 0 left on base; Batavia 1 - Milwaukee (NYP) 1 |
BOTTOM OF THE 7TH |
Milwaukee (NYP) Brewers batting - Pitching for Batavia Muckdogs : RHP Mike Shields
|
Batting: RHB Dan Allred
|
0-0: Swinging Strike 0-1: DOUBLE (Line Drive, 89XD, EV 109.4 MPH)
|
Batting: RHB Wiliama Dana
|
0-0: Ground out 3-1 (Groundball, 34, EV 101.9 MPH) Dan Allred to third
|
Batting: RHB Juan Villanueva
|
0-0: SINGLE (Groundball, 4MD, EV 98.1 MPH) Dan Allred scores
|
Batting: RHB Chris Riddel
|
0-0: Ball 1-0: Called Strike 1-1: Foul Ball, location: 2F 1-2: DOUBLE (Groundball, 5L, EV 105.0 MPH) Juan Villanueva to third Runner from 3rd tries for Home, SAFE, no throw by LF
|
Batting: LHB Jason Raker
|
0-0: Ball 1-0: Foul Ball, location: 2F 1-1: Fly out, F8 (Line Drive, 8RM, EV 105.6 MPH)
|
Batting: LHB Karel Hort
|
0-0: DOUBLE (Flyball, 8LXD, EV 102.5 MPH) Chris Riddel scores
|
Batting: RHB Ryan Miller
|
0-0: Swinging Strike 0-1: Fly out, F9 (Flyball, 9, EV 91.2 MPH)
|
Bottom of the 7th over - 3 runs, 4 hits, 0 errors, 1 left on base; Batavia 1 - Milwaukee (NYP) 4 |
TOP OF THE 8TH |
Batavia Muckdogs batting - Pitching for Milwaukee (NYP) Brewers : RHP Dan Patino
|
Batting: SHB Greg Rivera
|
0-0: Called Strike 0-1: Foul Ball, location: 2F 0-2: Foul Ball, location: 2F 0-2: Strikes out swinging
|
Batting: RHB Jim Fisher
|
0-0: Called Strike 0-1: Ball 1-1: Ball 2-1: Ground out 6-3 (Groundball, 6, EV 82.5 MPH)
|
Batting: LHB Danny Treto
|
0-0: Ball 1-0: Called Strike 1-1: Ball 2-1: Called Strike 2-2: Strikes out looking
|
Top of the 8th over - 0 runs, 0 hits, 0 errors, 0 left on base; Batavia 1 - Milwaukee (NYP) 4 |
BOTTOM OF THE 8TH |
Milwaukee (NYP) Brewers batting - Pitching for Batavia Muckdogs : RHP Mike Shields
|
Pitching: RHP Matt Slater
|
|
Batting: SHB Jerry Duffy
|
0-0: Foul Ball, location: 2F 0-1: Called Strike 0-2: Ball 1-2: Ground out U3 (Groundball, 34, EV 106.9 MPH)
|
Batting: LHB Paul Collins
|
0-0: Ball 1-0: Ball 2-0: Ball 3-0: Base on Balls
|
Batting: RHB Dan Allred
|
0-0: Fielders Choice at 2nd, 4-6 (Groundball, 4, EV 88.1 MPH)
|
Batting: RHB Wiliama Dana
|
0-0: Ball 1-0: Called Strike 1-1: Called Strike 1-2: Foul Ball, location: 2F 1-2: Ground out U3 (Groundball, 3, EV 83.8 MPH)
|
Bottom of the 8th over - 0 runs, 0 hits, 0 errors, 1 left on base; Batavia 1 - Milwaukee (NYP) 4 |
TOP OF THE 9TH |
Batavia Muckdogs batting - Pitching for Milwaukee (NYP) Brewers : RHP Dan Patino
|
Pitching: RHP Dave Bible
|
|
Batting: RHB Jason Thrash
|
0-0: Called Strike 0-1: Called Strike 0-2: Ball 1-2: Ball 2-2: Fly out, F9 (Line Drive, 9, EV 98.8 MPH)
|
Batting: RHB Hiromitsu Yamada
|
0-0: Ball 1-0: SINGLE (Groundball, P, EV 88.8 MPH) (infield hit)
|
Batting: RHB Jeremy Dennis
|
0-0: Ball 1-0: Grounds into double play, 5-4-3 (Groundball, 5, EV 88.1 MPH)
|
Top of the 9th over - 0 runs, 1 hit, 0 errors, 0 left on base; Batavia 1 - Milwaukee (NYP) 4 |
|